 Dungeon Crawl Stone Soup version 0.26-a0-497-g0187308201 (webtiles) character file.

Game seed: 11306801249968618632

1 MrRokkomies the Magician (level 1, -2/14 HPs)
             Began as a Demigod Wanderer on Aug 6, 2020.
             Slain by a dart slug (3 damage)
             ... on level 1 of the Dungeon.
             The game lasted 00:00:38 (26 turns).

MrRokkomies the Magician (Demigod Wanderer)           Turns: 26, Time: 00:00:39

Health: -2/14      AC:  2    Str: 18    XL:     1   Next: 13%
Magic:  7/7        EV: 11    Int: 17    God:
Gold:   11         SH:  0    Dex: 11    Spells: 7/7 levels left

rFire    . . .     SeeInvis .   a - +0 club
rCold    . . .     Faith    .   (no shield)
rNeg     . . .     Spirit   .   d - +0 robe
rPois    .         Reflect  .   (no helmet)
rElec    .         Harm     .   (no cloak)
rCorr    .                      (no gloves)
MR       .....                  (no boots)
Stlth    +.........             (no amulet)
HPRegen  0.04/turn              (no ring)
MPRegen  0.10/turn              (no ring)

@: no status effects
A: high mp 1
a: no special abilities


You were on level 1 of the Dungeon.
You visited 1 branch of the dungeon, and saw 1 of its levels.

You collected 11 gold pieces.

Inventory:

Hand Weapons
 a - a +0 club (weapon)
Armour
 d - a +0 robe (worn)
Potions
 c - a potion of lignification


   Skills:
 * Level 0.1 Fighting
 - Level 1.0 Throwing
 * Level 0.1 Dodging
 - Level 1.0 Stealth
 - Level 3.6 Spellcasting
   Level 1.7 Necromancy
   Level 1.7 Air Magic


You had 7 spell levels left.
You didn't know any spells.
Your spell library contained the following spells:

 Spells                   Type           Power        Failure   Level
 Animate Skeleton         Necr           #.....       8%          1
 Pain                     Necr           #...         8%          1
 Apportation              Tloc           #.....       17%         1
 Vampiric Draining        Necr           #.........   24%         3
 Portal Projectile        Hex/Tloc       #.....       45%         3
 Animate Dead             Necr           #.........   61%         4
 Agony                    Necr           #.......     91%         5


Dungeon Overview and Level Annotations

Branches:
Dungeon (1/15)


Innate Abilities, Weirdness & Mutations

You have an increased reservoir of magic. (+10% MP)


Message History

You are too injured to fight recklessly!
You hit the giant cockroach.
You kill the giant cockroach!
The dart slug launches a dart at you. The slug dart hits you.
* * * LOW HITPOINT WARNING * * *
The dart slug bites you but does no damage.
You see here a giant cockroach corpse.
You hit the dart slug.
The dart slug is moderately wounded.
The dart slug barely misses you.
You hit the dart slug.
The dart slug is heavily wounded.
The dart slug launches a dart at you. The slug dart hits you.
* * * LOW HITPOINT WARNING * * *
You hit the dart slug.
The dart slug is almost dead.
The dart slug bites you.
You die...

...#... ....... .......
....... ####### #......
####.....#
#......###.....⌠..#
#.......#.........## #
#......@†...#......#...
........w.###........#
.........## #..<..#....
.......... #.........#
........... #......#..#
........#.........## .#
........##.....⌠..# .
........#####.....#
#######


You could see a dart slug.

Vanquished Creatures
  A giant cockroach (D:1)
1 creature vanquished.

Notes
Turn   | Place    | Note
-------+----------+-------------------------------------------
     0 | D:1      | MrRokkomies the Demigod Wanderer began the quest for the
                  | Orb.
     0 | D:1      | MrRokkomies set off with the following items: a +0 club, a
                  | potion of lignification, a +0 robe; and the following
                  | spells available to memorise: Animate Skeleton, Pain,
                  | Apportation, Vampiric Draining, Portal Projectile, Animate
                  | Dead, Agony
     0 | D:1      | Reached XP level 1. HP: 14/14 MP: 7/7
    26 | D:1      | Slain by a dart slug

Illustrated notes

Levels and vault maps discovered:
D:1:      dpeg_arrival_arbitrary_c, layout_basic, minmay_pentomino_t2

Action                   || total
-------------------------++-------
Melee: Club              ||    15
Armor: Robe              ||     7
Dodge: Dodged            ||    13

Table legend: (Time is in decaauts)
 A = Elapsed time spent in this place.
 B = Non-inter-level travel time spent in this place.
 C = Inter-level travel time spent in this place.
 D = Time resting spent in this place.
 E = Time spent auto-exploring this place.
 F = Levels seen in this place.
 G = Mean time per level.
                   A        B        C        D        E       F      G
               +--------+--------+--------+--------+--------+-----+--------+
         Total |     30 |     30 |      0 |      0 |      2 |   1 |   30.0 |
       Dungeon |     30 |     30 |      0 |      0 |      2 |   1 |   30.0 |
               +--------+--------+--------+--------+--------+-----+--------+

Top non-repeatable levels by time:
     D:1: 30 daAuts
